 Dungeon Crawl Stone Soup version 0.20.0-10-g0535bb4 (webtiles) character file.

946 anfisbena the Skirmisher (level 7, -4/60 HPs)
             Began as a Demonspawn Fighter on June 4, 2017.
             Was a Believer of Uskayaw.
             Slain by Menkaure (17 damage)
             ... on level 6 of the Dungeon.
             The game lasted 00:07:34 (6681 turns).

anfisbena the Skirmisher (Demonspawn Fighter)       Turns: 6681, Time: 00:07:34

Health: -4/60      AC: 11    Str: 17    XL:     7   Next: 89%
Magic:  7/7        EV:  4    Int:  9    God:    Uskayaw [**....]
Gold:   310        SH:  9    Dex: 14    Spells: 6/6 levels left

rFire    + . .     SeeInvis .   a - +0 long sword
rCold    + . .     Gourm    .   c - +0 shield
rNeg     . . .     Faith    .   x - +0 chain mail
rPois    .         Spirit   .   n - +0 helmet
rElec    .         Reflect  .   I - scarf {rC+ rF+}
rCorr    .         Harm     .   E - +0 pair of gloves
MR       +....                  (no boots)
Stlth    ..........             (no amulet)
Regen    0.2/turn               v - ring of protection from magic
MPRegen  0.1/turn               (no ring)

@: no status effects
A: nightstalker 1
a: Stomp, Line Pass, Renounce Religion


You were on level 6 of the Dungeon.
You worshipped Uskayaw.
Uskayaw was noncommittal.
You were hungry.

You visited 2 branches of the dungeon, and saw 7 of its levels.

You collected 310 gold pieces.

Inventory:

Hand Weapons
 a - a +0 long sword (weapon)
Armour
 c - a +0 shield (worn)
 n - a +0 helmet (worn)
 x - a +0 chain mail (worn)
 E - a +0 pair of gloves (worn)
 I - a scarf of resistance (worn)
Jewellery
 v - a ring of protection from magic (left hand)
Wands
 C - a wand of polymorph (17/24)
Scrolls
 b - 4 scrolls of remove curse
 g - a scroll of amnesia
 i - 2 scrolls of fog
 j - a scroll of enchant weapon
 t - 3 scrolls of teleportation
 w - 2 scrolls of magic mapping
 y - a scroll of noise {unknown}
 A - a scroll of enchant armour {unknown}
 B - 2 scrolls of identify
 D - 2 scrolls of immolation {unknown}
Potions
 d - 3 potions of might
 e - 2 potions of cancellation
 h - a potion of magic {unknown}
 l - 2 potions of flight
 o - 4 potions of curing {unknown}
 q - a potion of haste
 r - 2 potions of mutation {unknown}
 u - 2 potions of invisibility {unknown}
 z - a potion of degeneration {unknown}
 F - 2 potions of heal wounds
 H - a potion of lignification {unknown}
Comestibles
 f - 7 bread rations
 k - a royal jelly
 m - 6 meat rations
 p - 6 fruits


   Skills:
 + Level 7.1 Fighting
 + Level 6.1 Long Blades
 - Level 2.6 Armour
 - Level 2.6 Shields


You had 6 spell levels left.
You didn't know any spells.

Dungeon Overview and Level Annotations

Branches:
Dungeon (6/15)             Temple (1/1) D:6

Altars:
Cheibriados
Fedhas
Nemelex Xobeh
Qazlal
Ru
Sif Muna
Uskayaw
Zin

Shops:
D:4 [

Annotations:
D:6 Menkaure


Innate Abilities, Weirdness & Mutations

You are slightly more attuned to the shadows.


Message History

Menkaure is moderately damaged.
You block Menkaure's attack.
The shadow imp hits you but does no damage.
You block Menkaure's attack. The shadow imp barely misses you.
You hit Menkaure but do no damage.
Menkaure is moderately damaged.
Menkaure hits you!
* * * LOW HITPOINT WARNING * * *
The shadow imp hits you but does no damage.
You hit Menkaure.
Menkaure is heavily damaged.
Menkaure hits you but does no damage.
The shadow imp hits you but does no damage.
Menkaure barely misses you.
You can now pass through a line of other dancers.
You completely miss Menkaure.
Menkaure is heavily damaged.
The shadow imp hits you but does no damage.
Menkaure hits you!
You die...

#+##........
...................
.......#####
........###....#...
..##...# ##.......
#....###' ..##...#
#....... #........
..##..... #.......
+........ ..##.......
#....... #........
...+........ #.......
#........ ..#######...#
#.M..... #######.#
..##...##...####@......
#.#
..##.............5.....
...
#'##...................
.................#.....
.................#.....
.................#.....
..#######..##.+..# ....
..###..##..#......#
...........#......#


You could see Menkaure and a shadow imp.

Vanquished Creatures
  A sky beast (D:6)
  A centaur (D:5)
  A howler monkey (D:6)
  2 crimson imps
  A quasit (D:6)
  2 orc wizards
  A bullfrog skeleton (D:5)
  3 orc priests
  A centaur skeleton (D:4)
  A hound (D:4)
  An iguana (D:5)
  4 worker ants
  A hound zombie (D:6)
  9 adders
  A shadow imp (D:6)
  2 oozes
  A worm (D:2)
  5 dart slugs
  2 leopard geckos
  22 orcs
  6 bats
  5 giant cockroaches
  7 hobgoblins
  6 jackals (D:3)
  4 quokkas
  8 frilled lizards
  11 goblins
  A jackal skeleton (D:4)
  8 kobolds
  A quokka skeleton (D:5)
  20 rats
139 creatures vanquished.

Vanquished Creatures (others)
  An orc wizard (D:5)
  An orc (D:5)
2 creatures vanquished.

Grand Total: 141 creatures vanquished

Notes
Turn   | Place    | Note
-------+----------+-------------------------------------------
     0 | D:1      | anfisbena the Demonspawn Fighter began the quest for the Orb.
     0 | D:1      | Reached XP level 1. HP: 18/18 MP: 1/1
    11 | D:1      | Gained mutation: You are slightly more attuned to the shadows. [demonic ancestry]
    11 | D:1      | Reached XP level 2. HP: 23/24 MP: 2/2
   452 | D:1      | Reached XP level 3. HP: 29/29 MP: 3/3
  1103 | D:2      | Found a sacrificial altar of Ru.
  1132 | D:2      | Reached skill level 4 in Fighting
  1357 | D:2      | Reached XP level 4. HP: 23/37 MP: 4/4
  1551 | D:2      | Found a hide-covered altar of Uskayaw.
  1572 | D:2      | Became a worshipper of Uskayaw the Reveler
  1662 | D:2      | Found a stormy altar of Qazlal.
  1685 | D:2      | Reached * piety under Uskayaw
  1956 | D:2      | You fall through a shaft!
  1966 | D:3      | Reached ** piety under Uskayaw
  1968 | D:3      | Reached *** piety under Uskayaw
  2474 | D:3      | You fall through a shaft!
  2508 | D:4      | Reached XP level 5. HP: 27/43 MP: 5/5
  3499 | D:3      | HP: 2/43 [poisoned by kobold (curare-tipped needle)]
  3682 | D:3      | Reached skill level 5 in Fighting
  3982 | D:4      | Found a sparkling altar of Nemelex Xobeh.
  4098 | D:4      | Found a deep blue altar of Sif Muna.
  4230 | D:4      | Reached XP level 6. HP: 48/51 MP: 6/6
  4346 | D:4      | Found Libofoer's Armour Shop.
  4591 | D:5      | Entered Level 5 of the Dungeon
  4900 | D:5      | Reached skill level 6 in Fighting
  5161 | D:5      | Reached skill level 5 in Long Blades
  5161 | D:5      | Reached XP level 7. HP: 21/58 MP: 7/7
  5171 | D:5      | Reached **** piety under Uskayaw
  5182 | D:5      | Found a snail-covered altar of Cheibriados.
  6175 | D:6      | Found a staircase to the Ecumenical Temple.
  6207 | Temple   | Entered the Ecumenical Temple
  6641 | D:6      | Reached skill level 7 in Fighting
  6665 | D:6      | Noticed Menkaure
  6681 | D:6      | Slain by Menkaure

Skill      XL: |  1  2  3  4  5  6  7 |
---------------+----------------------+-----
Long Blades    | 2 3 4 5 6 |  6.1
Fighting       | 4 5 6 7 |  7.1
Armour         | |  2.6
Shields        | |  2.6

Action                   |  1- 3 |  4- 6 |  7- 9 || total
-------------------------+-------+-------+-------++-------
Melee: Long sword        |   146 |   305 |   149 ||   600
  Use: Scroll            |       |     6 |     1 ||     7
       Potion            |       |     4 |       ||     4
 Stab: Paralysed         |       |     2 |     4 ||     6
  Eat: Chunk             |     2 |    13 |     3 ||    18
       Fruit             |       |       |     1 ||     1
Armor: Scale mail        |    82 |   125 |       ||   207
       Chain mail        |       |    83 |   134 ||   217
Dodge: Dodged            |    48 |    89 |    37 ||   174
Block: Shield            |    83 |   180 |    90 ||   353
       Rpst.: Long sword |    19 |    27 |     6 ||    52
